 Dungeon Crawl Stone Soup version 0.27-a0-597-g524d869a0f (webtiles) character file.

Game seed: 17736537436067582689

1922 siradein the Cleaver (level 9, -11/70 HPs)
             Began as a Hill Orc Fighter on Mar 12, 2021.
             Splashed by an orc warrior's acid (13 damage)
             ... on level 6 of the Dungeon.
             The game lasted 00:14:48 (8833 turns).

siradein the Cleaver (Hill Orc Fighter)             Turns: 8833, Time: 00:14:51

Health: -11/70     AC:  9    Str: 21    XL:     9   Next: 17%
Magic:  9/9        EV:  5    Int:  8    God:
Gold:   193        SH: 12    Dex: 14    Spells: 8/8 levels left

rFire    . . .     SeeInvis .   A - +10 rapier "Orpheg" {vorpal, rN+ Dex+3}
rCold    . . .     Faith    .   c - +0 kite shield
rNeg     + . .     Spirit   .   v - +0 plate armour
rPois    .         Reflect  .   l - +1 hat
rElec    .         Harm     .   (no cloak)
rCorr    .         Rampage  .   (no gloves)
Will     .....                  s - +0 pair of boots
Stlth    ..........             b - amulet of the acrobat
HPRegen  0.21/turn              (no ring)
MPRegen  0.11/turn              (no ring)

@: corroded
A: no striking features
a: no special abilities


You were on level 6 of the Dungeon.
You visited 1 branch of the dungeon, and saw 6 of its levels.

You collected 193 gold pieces.

Inventory:

Hand Weapons
 a - a +0 war axe
 x - the +3 hunting sling "Tiulyul" {vorpal, rN+ Int+4}
   (You found it on level 4 of the Dungeon)

   Any stone fired from it inflicts extra damage.
   It affects your intelligence (+4).
   It protects you from negative energy.
 A - the +10 rapier "Orpheg" (weapon) {vorpal, rN+ Dex+3}
   (You found it on level 4 of the Dungeon)

   It inflicts extra damage upon your enemies.
   It affects your dexterity (+3).
   It protects you from negative energy.
Missiles
 n - 30 poisoned darts (quivered)
 y - 105 sling bullets
 z - 224 stones
Armour
 c - a +0 kite shield (worn)
 l - a +1 hat (worn)
 s - a +0 pair of boots (worn)
 v - a +0 plate armour (worn)
Jewellery
 b - an amulet of the acrobat (around neck)
Wands
 o - a wand of random effects (16)
 F - a wand of iceblast (11)
 G - a wand of acid (7)
Scrolls
 e - 3 scrolls of teleportation {unknown}
 g - 2 scrolls of magic mapping {unknown}
 k - 2 scrolls of enchant weapon {unknown}
 t - a scroll of identify {unknown}
 w - a scroll of noise {unknown}
 B - a scroll of brand weapon {unknown}
 C - a scroll of blinking {unknown}
Potions
 d - a potion of might
 f - 4 potions of curing
 h - 2 potions of brilliance {unknown}
 i - 2 potions of resistance {unknown}
 j - 2 potions of degeneration {unknown}
 m - a potion of cancellation {unknown}
 p - a potion of flight {unknown}
 q - 2 potions of berserk rage {unknown}
 r - 3 potions of mutation {unknown}
 u - a potion of heal wounds {unknown}
 D - a potion of haste {unknown}
 E - a potion of lignification {unknown}


   Skills:
 - Level 3.6 Fighting
 + Level 10.9 Axes
 - Level 3.2 Armour
 + Level 9.6 Shields


You had 8 spell levels left.
You didn't know any spells.
Your spell library contained the following spells:

 Spells                   Type           Power      Damage    Failure   Level
 Animate Skeleton         Necr           0%         N/A       100%        1
 Apportation              Tloc           0%         N/A       100%        1
 Corona                   Hex            0%         N/A       100%        1
 Summon Small Mammal      Summ           0%         N/A       100%        1


Dungeon Overview and Level Annotations

Branches:
Dungeon (6/15)             Temple (0/1) D:4

Altars:

Annotations:
D:3 2 runed translucent doors, GoldenjunoSP's ghost, amateur DrFi
D:6 1 transporter, tinescath's ghost, novice DsBe


Message History

You closely miss the orc warrior.
The orc warrior is moderately wounded.
An orc comes into view. It is wielding a +0 flail.
The orc warrior hits you with a +0 glaive!
You barely miss the orc warrior.
The orc warrior is moderately wounded.
The orc shouts!
You block the orc warrior's attack.
You hit the orc warrior.
The orc warrior is moderately wounded.
You block the orc warrior's attack.
You barely miss the orc warrior.
The orc warrior is moderately wounded.
The orc warrior zaps a wand.
The bolt of acid hits you!
You are splashed with acid!
You hit the orc warrior.
The orc warrior is moderately wounded.
You block the orc warrior's attack.
You hit the orc warrior.
The orc warrior is heavily wounded.
The orc warrior drinks a potion.
The orc warrior is healed!
You block the orc's attack. You block the orc warrior's attack.
You closely miss the orc warrior.
The orc warrior is moderately wounded.
You block the orc's attack.
The orc warrior hits you with a +0 glaive!!
* * * LOW HITPOINT WARNING * * *
You hit the orc warrior.
The orc warrior is heavily wounded.
You block the orc's attack. The orc hits you but does no damage.
The orc warrior hits you with a +0 glaive.
* * * LOW HITPOINT WARNING * * *
You closely miss the orc warrior.
The orc warrior is heavily wounded.
An orc comes into view.
You block the orc's attack.
The orc warrior zaps a wand.
The bolt of acid hits you!
* * * LOW HITPOINT WARNING * * *
The acid corrodes you!
You are splashed with acid!
You die...

... ##....# ........#
+.....o #.......
#...... #......#
#######
+......###+######....#
#......#...)..........
#......#....o.........
#....o.#..............
#..)<@o'..............
#......#..............
#......##..###..##...#
#########..# #..##...#
#.....#........
#.....#........
#.....#?.......
#.....+ ....


You could see an orc warrior and 2 orcs.

Vanquished Creatures
  Grinder (D:6)
  Sigmund (D:6)
  The ghost of jasper the Bolt Thrower, an amateur DsAM (D:4)
  Edmund (D:4)
  An orc warrior (D:3)
  4 ogres
  A phantom (D:5)
  2 bullfrogs
  A water moccasin skeleton (D:3)
  A howler monkey (D:6)
  A centaur zombie (D:6)
  A bullfrog zombie (D:5)
  A gnoll shaman (D:6)
  A hound (D:5)
  2 iguanas (D:5)
  Natasha (thrice) (D:3)
  2 orc wizards
  3 worker ants (D:4)
  5 gnolls (D:6)
  9 adders
  A shadow imp (D:6)
  A white imp (D:5)
  2 ufetubi (D:5)
  An ooze (D:1)
  4 worms
  4 leopard geckos
  7 orcs
  5 giant cockroaches
  4 goblins
  4 hobgoblins
  3 jackals (D:3)
  2 quokkas
  6 bats
  3 frilled lizards
  10 kobolds
  5 rats
104 creatures vanquished.

Vanquished Creatures (others)
  5 plants (D:1)
5 creatures vanquished.

Grand Total: 109 creatures vanquished

Notes
Turn   | Place    | Note
-------+----------+-------------------------------------------
     0 | D:1      | siradein the Hill Orc Fighter began the quest for the Orb.
     0 | D:1      | Reached XP level 1. HP: 19/19 MP: 1/1
   136 | D:1      | Reached skill level 3 in Axes
   136 | D:1      | Reached XP level 2. HP: 21/26 MP: 2/2
   699 | D:1      | Reached XP level 3. HP: 30/31 MP: 3/3
  1248 | D:2      | Reached skill level 4 in Axes
  1588 | D:3      | Reached XP level 4. HP: 25/39 MP: 4/4
  1768 | D:3      | Reached skill level 5 in Axes
  2036 | D:3      | Reached XP level 5. HP: 36/45 MP: 5/5
  2292 | D:3      | Reached skill level 5 in Shields
  2520 | D:3      | Found a large runed translucent door.
  2520 | D:3      | Found a large runed translucent door.
  2523 | D:3      | Noticed GoldenjunoSP's ghost (amateur DrFi)
  2534 | D:3      | Noticed Natasha
  2542 | D:3      | Killed Natasha
  3222 | D:3      | Noticed Natasha
  3231 | D:3      | Killed Natasha
  3409 | D:3      | Noticed Natasha
  3416 | D:3      | Killed Natasha
  3417 | D:3      | Reached skill level 6 in Axes
  3417 | D:3      | Reached XP level 6. HP: 51/51 MP: 6/6
  3821 | D:4      | Found a staircase to the Ecumenical Temple.
  3958 | D:4      | Noticed an orc warrior
  4493 | D:4      | Reached skill level 7 in Axes
  4493 | D:4      | Reached XP level 7. HP: 53/57 MP: 7/7
  4617 | D:4      | Identified the +3 hunting sling "Tiulyul" {vorpal, rN+
                  | Int+4}
  5863 | D:4      | Noticed Edmund
  5884 | D:4      | Killed Edmund
  6110 | D:4      | Found a large runed translucent door.
  6111 | D:4      | Found a large runed translucent door.
  6111 | D:4      | Noticed jasper's ghost (amateur DsAM)
  6414 | D:4      | Killed jasper's ghost
  6415 | D:4      | Reached skill level 8 in Axes
  6419 | D:4      | Identified the +10 rapier "Orpheg" {vorpal, rN+ Dex+3}
  6540 | D:5      | Entered Level 5 of the Dungeon
  6688 | D:5      | Reached XP level 8. HP: 53/64 MP: 8/8
  7491 | D:5      | Reached skill level 9 in Axes
  7979 | D:6      | Noticed Grinder
  7982 | D:6      | Paralysed by Grinder for 4 turns
  7996 | D:6      | Killed Grinder
  7997 | D:6      | Reached skill level 10 in Axes
  8086 | D:6      | Noticed Sigmund
  8100 | D:6      | Killed Sigmund
  8135 | D:6      | Reached XP level 9. HP: 70/70 MP: 9/9
  8157 | D:6      | Found a transporter.
  8348 | D:6      | Noticed tinescath's ghost (novice DsBe)
  8355 | D:6      | Noticed an ancient zyme
  8516 | D:6      | Noticed a toenail golem
  8833 | D:6      | HP: 2/70 [orc warrior/bolt of acid (15)]
  8833 | D:6      | Splashed by an orc warrior's acid

Illustrated notes

Levels and vault maps discovered:
D:1:      minmay_arrival_widening_spiral_wide, layout_basic,
          lexackson_kobold_supper
D:2:      layout_basic
D:3:      layout_loops_corners, ebering_ghost_disaster_area, uniq_natasha
D:4:      layout_loops_ring, minmay_temple_entry_statues_fountains,
          ebering_ghost_disaster_area, hangedman_decor_diamond_cutter,
          feat_on_display, uniq_edmund
D:5:      layout_loops_ring
D:6:      layout_gridville, gammafunk_ghost_abyssal_escape,
          chequers_serial_rivers_room_b, uniq_pikel, uniq_sigmund,
          uniq_crazy_yiuf_cottage, uniq_grinder

Skill      XL: |  1  2  3  4  5  6  7  8 |
---------------+-------------------------+-----
Axes           | 3 4 5 6 7 8 10 | 10.9
Shields        | 4 5 6 7 9 |  9.6
Fighting       | |  3.6
Armour         | |  3.2

Action                   |  1- 3 |  4- 6 |  7- 9 || total
-------------------------+-------+-------+-------++-------
Melee: War axe           |   114 |   163 |   107 ||   384
       Rapier            |       |       |    90 ||    90
 Fire: Hunting sling     |       |       |    21 ||    21
Armor: Scale mail        |    79 |    61 |       ||   140
       Plate armour      |       |     1 |    71 ||    72
Dodge: Dodged            |    51 |    44 |    35 ||   130
Block: Kite shield       |    68 |    83 |    94 ||   245

Table legend: (Time is in decaauts)
 A = Elapsed time spent in this place.
 B = Non-inter-level travel time spent in this place.
 C = Inter-level travel time spent in this place.
 D = Time resting spent in this place.
 E = Time spent auto-exploring this place.
 F = Levels seen in this place.
 G = Mean time per level.
                   A        B        C        D        E       F      G
               +--------+--------+--------+--------+--------+-----+--------+
         Total |   9032 |   8380 |    652 |    294 |   6752 |   6 | 1505.3 |
       Dungeon |   9032 |   8380 |    652 |    294 |   6752 |   6 | 1505.3 |
               +--------+--------+--------+--------+--------+-----+--------+

Top non-repeatable levels by time:
     D:3: 2870 daAuts
     D:4: 1970 daAuts
     D:5: 1533 daAuts
     D:1: 1167 daAuts
     D:2: 812 daAuts
     D:6: 677 daAuts
